 Dungeon Crawl Stone Soup version 0.30.0-18-gc0e69614cb (webtiles) character file.

Game seed: 1444203019594610953

24 ChrisAssaf the Insei (level 3, 0/26 HPs)
             Began as a Human Transmuter on May 23, 2023.
             Slain by an adder (2 damage)
             ... on level 3 of the Dungeon.
             The game lasted 00:03:31 (898 turns).

ChrisAssaf the Insei (Human Transmuter)              Turns: 898, Time: 00:03:32

Health: 0/26       AC:  2    Str:  9 (12) XL:     3   Next: 15%
Magic:  1/6        EV: 12    Int: 10 (13) God:
Gold:   86         SH:  0    Dex: 10 (13) Spells: 0/6 levels left

rFire   . .          .
                       - Unarmed
rCold   . . .        (no shield)
rNeg    . . .        a - +0 robe
rPois   .            (helmet currently unavailable)
rElec   .            (no cloak)
rCorr   .            (no gloves)
SInv    .            (boots currently unavailable)
Will    .....        (no amulet)
Stlth   +            (no ring)
HPRegen 0.24/turn    (no ring)
MPRegen 0.10/turn

%: no passive effects
@: brilliant, appendages (expiring), very slightly contaminated, hasted, very
quick
A: horns 2, talons 2
a: End Transformation


You were on level 3 of the Dungeon.
You had temporarily grown beastly horns and talons.
You visited 1 branch of the dungeon, and saw 3 of its levels.

You collected 86 gold pieces.

Inventory:

Armour
 a - a +0 robe (worn)
Scrolls
 c - a scroll of enchant weapon
 d - a scroll of enchant armour {unknown}
Potions
 b - a potion of haste
 f - a potion of degeneration


   Skills:
 * Level 1.2 Fighting
 * Level 0.4 Armour
 * Level 2.0 Dodging
 * Level 0.4 Stealth
 * Level 3.4 Unarmed Combat
 * Level 2.2 Spellcasting
 * Level 2.0 Transmutations


You couldn't memorise any spells.
You knew the following spells:

 Your Spells              Type           Power      Damage    Failure   Level
a - Beastly Appendage     Tmut           14%        N/A       13%         1
b - Wereblood             Tmut           7%         N/A       21%         2
c - Spider Form           Tmut/Pois      4%         N/A       52%         3

Your spell library contained the following spells:

 Spells                   Type           Power      Damage    Failure   Level
 Ice Form                 Ice/Tmut       4%         N/A       89%         4


Dungeon Overview and Level Annotations

Branches:
Dungeon (3/15)

Altars:

Shops:
D:3 :


Innate Abilities, Weirdness & Mutations

You have temporarily grown beastly horns and talons.


Message History

You feel a surge of power!
You grow a pair of large bovine horns.
Your feet morph into talons.
The adder bites you.
* * * LOW HITPOINT WARNING * * *
You barely miss the adder. Your kick misses the adder.
Your headbutt misses the adder.
Your transformation is almost over.
The adder misses you.
You closely miss the adder. Your kick misses the adder.
Your headbutt misses the adder. The adder bites you.
* * * LOW HITPOINT WARNING * * *
You closely miss the adder. The adder bites you but does no damage.
You miss the adder. Your kick misses the adder. You hit the adder.
The adder is heavily wounded.
The adder closely misses you.
You miss the adder. Your headbutt misses the adder.
The adder is heavily wounded.
The adder closely misses you.
You closely miss the adder. Your kick misses the adder.
The adder is heavily wounded.
The adder closely misses you.
You miss the adder. Your kick misses the adder.
The adder is heavily wounded.
The adder barely misses you.
You barely miss the adder.
The adder is heavily wounded.
The adder bites you.
* * * LOW HITPOINT WARNING * * *
You closely miss the adder. Your kick misses the adder.
The adder is heavily wounded.
The adder bites you.
* * * LOW HITPOINT WARNING * * *
You miss the adder. Your kick misses the adder. Your headbutt misses the adder.
The adder is heavily wounded.
Unknown command.
You miss the adder.
The adder is heavily wounded.
The adder bites you.
You die...

...............................
..(.............#############.#
................# .#
.............#### #
#'#.#..####### #.#.#..#
#..<#..# ###.#..# #############
.......# #......@....#
#.#.#.####.......S...#
#.#.#...##...........# # #
#.#..............# #
#.###............# # #.#
##...........# # #.#
#...........# # #.#
#...........# #.#
#...........##+#.#.


You could see an adder.

Vanquished Creatures
  3 ball pythons (D:2)
  2 bats (D:1)
  2 endoplasms
  A giant cockroach (D:1)
  2 hobgoblins
  4 jackals (D:1)
  A frilled lizard (D:3)
  3 kobolds
  4 rats
22 creatures vanquished.

Notes
Turn   | Place    | Note
-------+----------+-------------------------------------------
     0 | D:1      | ChrisAssaf the Human Transmuter began the quest for the
                  | Orb.
     0 | D:1      | Reached XP level 1. HP: 15/15 MP: 3/3
   152 | D:1      | Reached XP level 2. HP: 10/21 MP: 1/5
   204 | D:1      | Learned a level 2 spell: Wereblood
   494 | D:2      | Reached XP level 3. HP: 24/26 MP: 4/6
   498 | D:2      | Learned a level 3 spell: Spider Form
   865 | D:3      | Found Amegugim's Book Shoppe.
   898 | D:3      | Slain by an adder

Illustrated notes

Levels and vault maps discovered:
D:1:      denvon_arrival_planthouse, layout_basic
D:2:      minmay_wonky_spiral, layout_basic, basic_altar, uniq_natasha
D:3:      layout_basic, lemuel_zombie_altar_kikubaaqudgha, serial_shops,
          nicolae_shop_tiny_glass

Action                     || total
---------------------------++-------
  Melee: Unarmed           ||    50
         Headbutt          ||     7
         Kick              ||     3
   Cast: Beastly Appendage ||    15
         Wereblood         ||     2
         Spider Form       ||     1
    Use: Potion            ||     4
         Scroll            ||     1
   Stab: Sleeping          ||     1
 Armour: Robe              ||    11
         Skin              ||     2
  Dodge: Dodged            ||    34
